 Dungeon Crawl Stone Soup version 0.30.1-11-g7821555f0a (webtiles) character file.

Game seed: 13918499983045234982

9 Peloso the Shield-Bearer (level 2, 0/27 HPs)
             Began as a Minotaur Fighter on Oct 31, 2023.
             Slain by a kobold
             ... wielding a +2 dagger of electrocution
              (5 damage)
             ... on level 1 of the Dungeon.
             The game lasted 00:00:44 (94 turns).

Peloso the Shield-Bearer (Minotaur Fighter)           Turns: 94, Time: 00:00:44

Health: 0/27       AC:  7    Str: 20    XL:     2   Next: 3%
Magic:  1/1        EV:  9    Int:  5    God:
Gold:   17         SH:  4    Dex:  9    Spells: 1/1 levels left

rFire   . . .        a - +0 long sword
rCold   . . .        c - +0 buckler
rNeg    . . .        b - +0 scale mail
rPois   .            (helmet restricted)
rElec   .            (no cloak)
rCorr   .            (no gloves)
SInv    .            (no boots)
Will    .....        (no amulet) Stlth
                     (no ring)
HPRegen 0.24/turn    (no ring)
MPRegen 0.07/turn

%: no passive effects
@: no status effects
A: horns 2, retaliatory headbutt
a: no special abilities


You were on level 1 of the Dungeon.
You visited 1 branch of the dungeon, and saw 1 of its levels.

You collected 17 gold pieces.

Inventory:

Hand Weapons
 a - a +0 long sword (weapon)
Armour
 b - a +0 scale mail (worn)
 c - a +0 buckler (worn)
Potions
 d - a potion of might
 e - a potion of curing {unknown}


   Skills:
 + Level 3.8 Fighting
 + Level 2.6 Long Blades
 + Level 3.8 Armour
 + Level 3.8 Shields


You had one spell level left.
You didn't know any spells.
Your spell library was empty.

Dungeon Overview and Level Annotations

Branches:
Dungeon (1/15)

Altars:


Innate Abilities, Weirdness & Mutations

You have a pair of horns on your head.
You reflexively headbutt those who attack you in melee.


Message History

The goblin is almost dead.
The goblin hits you but does no damage. The goblin hits you with a +0 dagger.
You hit the goblin.
You kill the goblin!
You closely miss the hobgoblin.
The hobgoblin hits you but does no damage.
You hit the hobgoblin. Your headbutt misses the hobgoblin.
The hobgoblin is almost dead.
The hobgoblin barely misses you. You block the hobgoblin's attack.
You hit the hobgoblin.
You kill the hobgoblin!
You slash the kobold!
You kill the kobold!
You hit the giant cockroach but do no damage.
You headbutt the giant cockroach.
You kill the giant cockroach!
The kobold throws a stone.
The stone barely misses you.
You have reached level 2!
The kobold hits you but does no damage.
Items here: )) ††††.
You closely miss the kobold. Your headbutt misses the kobold.
The kobold barely misses you.
You barely miss the kobold.
The kobold hits you with a +2 dagger of electrocution.
You closely miss the kobold.
The kobold hits you with a +2 dagger of electrocution. x2
You miss the kobold.
The kobold hits you with a +2 dagger of electrocution.
You barely miss the kobold.
The kobold hits you with a +2 dagger of electrocution.
* * * LOW HITPOINT WARNING * * *
You barely miss the kobold. Your headbutt misses the kobold.
The kobold hits you but does no damage.
You completely miss the kobold. The kobold hits you but does no damage.
The kobold hits you with a +2 dagger of electrocution.
* * * LOW HITPOINT WARNING * * *
You hit the kobold.
The kobold is severely wounded.
The kobold hits you with a +2 dagger of electrocution.
You die...

#.....##§.#
#......#§######
###...#..#......#
#........#§....>#
#.#####.##.....<#
#.# .#...§...#
#.# #.####### #†#
... #@# #+## #K#
#..+ ..|# .##..
## ..# ..# ###


You could see a kobold.

Vanquished Creatures
  A giant cockroach (D:1)
  2 goblins (D:1)
  2 hobgoblins (D:1)
  A bat (D:1)
  2 kobolds (D:1)
8 creatures vanquished.

Notes
Turn   | Place    | Note
-------+----------+-------------------------------------------
     0 | D:1      | Peloso the Minotaur Fighter began the quest for the Orb.
     0 | D:1      | Reached XP level 1. HP: 19/19 MP: 0/0
    86 | D:1      | Reached XP level 2. HP: 26/27 MP: 1/1
    94 | D:1      | Slain by a kobold

Illustrated notes

Levels and vault maps discovered:
D:1:      dpeg_arrival_fog, layout_basic, serial_shops, nicolae_lakefront_shop,
          minmay_misc_feat_rugged, serial_bayou_crossing

Action                     || total
---------------------------++-------
  Melee: Long sword        ||    25
         Headbutt          ||     2
 Armour: Scale mail        ||     9
  Dodge: Dodged            ||     8
  Block: Buckler           ||     2
